Map: Blackburn LE

Players

Scarlett - Winner!

  • Race: Zerg Zerg

Epic

  • Race: Terran Terran
  • League: Grandmaster

Event: DreamHack SC2 Masters 2021 Summer

VOD

Have the link to the VOD?

Description

Time

  • Played on: May 25, 2021, 5:39 p.m.
  • Length: 12:15

All games in this series

Show
View Real Time Build Order
Export as new Build Order

Scarlett Zerg - Winner!

Build Orders: Hatch First, Muta Ling Bane 

Get SALT Encoding   

  12  0:00  Drone  
  13  0:12  Overlord  
  13  0:16  Drone  
  14  0:30  Drone x2  
  16  0:47  Hatchery  
  16  0:50  Drone  
  16  0:53  Drone  
  18  0:57  Drone  
  18  1:07  Extractor  
  17  1:12  Spawning Pool  
  17  1:15  Drone  
  17  1:18  Drone  
  18  1:27  Drone  
  19  1:38  Drone  
  20  1:49  Drone  
  21  1:59  Queen  
  23  2:01  Queen  
  23  2:03  Zergling x2  
  23  2:08  Zergling x2  
  27  2:14  Metabolic Boost  
  27  2:16  Drone, Overlord  
  28  2:31  Hatchery  
  28  2:33  Spore Crawler  
  27  2:38  Drone x3  
  27  2:44  Drone  
  31  2:45  Drone  
  31  2:47  Overlord  
  32  2:53  Drone x2  
  34  3:00  Queen  
  36  3:08  Drone x4  
  40  3:25  Drone  
  40  3:26  Drone x3  
  42  3:29  Queen  
  42  3:31  Overlord  
  44  3:43  Queen, Overlord  
  44  3:44  Zergling x8  
  50  3:49  Queen  
  50  3:53  Overlord  
  52  4:02  Drone  
  53  4:03  Drone x3  
  56  4:13  Drone x6, Lair  
  62  4:18  Baneling Nest  
  61  4:25  Zergling x10  
  59  4:41  Drone  
  59  4:42  Drone x4  
  59  4:45  Spore Crawler  
  62  4:46  Spore Crawler x2  
  62  4:50  Drone x5  
  65  4:55  Drone  
  65  4:57  Drone  
  65  4:58  Drone, Extractor  
  65  4:59  Drone x3, Extractor  
  69  5:13  Drone x3  
  71  5:17  Drone  
  71  5:18  Drone x3  
  71  5:21  Spire  
  71  5:24  Drone x4  
  71  5:25  Extractor  
  71  5:26  Extractor x2  
  70  5:29  Overseer  
  70  5:30  Drone x4  
  70  5:35  Spore Crawler, Overlord x2  
  74  5:41  Overseer  
  73  5:44  Overlord x2  
  73  5:55  Drone x5  
  78  6:00  Hatchery  
  77  6:06  Drone x8  
  77  6:10  Centrifical Hooks  
  85  6:14  Pneumatized Carapace  
  85  6:16  Zergling x4  
  87  6:30  Evolution Chamber  
  86  6:33  Evolution Chamber  
  86  6:36  Mutalisk x6  
  97  6:51  Overlord x2  
  97  6:52  Zergling x2, Zerg Flyer Weapons Level 1  
  97  6:53  Zergling x16  
  106  7:04  Zerg Melee Weapons Level 1, Zerg Ground Armor Level 1  
  106  7:06  Drone x2  
  106  7:13  Drone  
  106  7:14  Drone x6  
  112  7:23  Drone x6  
  112  7:24  Drone  
  112  7:25  Extractor, Queen  
  112  7:26  Extractor  
  119  7:33  Mutalisk x4  
  119  7:34  Overlord x3  
  127  7:37  Infestation Pit  
  127  7:42  Hatchery  
  125  7:51  Mutalisk  
  125  7:52  Overlord x4  
  125  7:54  Drone  
  125  7:55  Drone x2  
  125  7:56  Drone x2  
  125  7:57  Drone  
  125  7:58  Drone  
  134  8:04  Zergling x12  
  140  8:14  Baneling x5  
  140  8:15  Baneling x6  
  140  8:17  Hive  
  140  8:20  Zergling x20  
  150  8:28  Overlord  
  150  8:29  Overlord  
  150  8:31  Drone x4  
  154  8:38  Hatchery, Zergling x4  
  155  8:43  Zergling x8  
  155  8:46  Baneling x10, Zerg Flyer Armor Level 1  
  159  8:50  Zergling x8  
  159  8:51  Zergling x2  
  164  8:59  Zergling x14  
  171  9:07  Zerg Ground Armor Level 2, Zerg Melee Weapons Level 2  
  171  9:12  Zergling x14  
  177  9:28  Baneling x11  
  177  9:30  Adrenal Glands  
  177  9:32  Ultralisk Cavern, Zergling x28  
  165  9:48  Zergling x10  
  165  9:49  Zergling x16  
  160  9:59  Overseer  
  160  10:01  Mutalisk x6  
  160  10:03  Zergling x16  
  180  10:08  Drone  
  178  10:24  Chitinous Plating  
  178  10:27  Ultralisk x2  
  187  10:31  Hatchery, Overlord  
  187  10:34  Zergling x6, Ultralisk  
  195  10:40  Extractor x2  
  195  10:42  Baneling x4  
  191  10:45  Overlord  
  189  10:50  Baneling x10  
  189  10:51  Zergling x22  
  189  10:55  Hatchery  
  199  10:59  Zergling x2  
  182  11:29  Zergling x16, Ultralisk x4  
  182  11:30  Zergling x4  
  197  11:38  Zergling x18  
Show
View Real Time Build Order
Export as new Build Order

Epic Terran 

Build Orders: Reaper Expand, Hellion Banshee 

Get SALT Encoding   

  12  0:00  SCV  
  13  0:12  SCV  
  14  0:17  Supply Depot  
  14  0:24  SCV  
  15  0:38  SCV  
  15  0:40  Barracks  
  16  0:43  Refinery  
  16  0:50  SCV  
  17  1:02  SCV  
  18  1:15  SCV  
  19  1:26  Reaper  
  19  1:27  Orbital Command  
  20  1:39  Command Center  
  20  1:48  Supply Depot  
  20  1:52  SCV  
  21  1:58  Marine  
  22  2:04  SCV  
  23  2:12  Refinery, Factory  
  23  2:16  SCV  
  24  2:27  Barracks Reactor  
  24  2:28  SCV  
  24  2:40  SCV  
  25  2:52  Orbital Command  
  25  2:53  SCV  
  26  2:58  Starport  
  26  3:06  Hellion x2  
  26  3:08  SCV  
  31  3:18  SCV  
  32  3:28  Hellion x2  
  32  3:29  Barracks Tech Lab  
  32  3:31  SCV x2  
  37  3:37  Supply Depot  
  37  3:43  SCV x2  
  39  3:49  Hellion  
  39  3:50  Hellion  
  39  3:52  Banshee, Cloaking Field  
  46  3:59  SCV x2  
  46  4:01  Supply Depot  
  48  4:11  SCV x2  
  50  4:18  Command Center  
  50  4:23  SCV x2  
  52  4:27  Barracks  
  52  4:35  SCV x2  
  52  4:37  Banshee  
  45  4:46  Barracks  
  45  4:47  SCV x2  
  45  4:49  Factory Reactor  
  45  4:51  Supply Depot  
  47  4:57  Barracks Tech Lab  
  47  4:59  Engineering Bay  
  47  5:00  SCV x2  
  47  5:02  Engineering Bay  
  46  5:15  SCV x2, Marine  
  44  5:22  Marine x2  
  44  5:23  Stimpack  
  44  5:27  SCV x2  
  47  5:29  Starport Reactor  
  47  5:39  SCV x2  
  47  5:40  Terran Infantry Weapons Level 1  
  47  5:41  Supply Depot, Siege Tank  
  52  5:43  Terran Infantry Armor Level 1  
  52  5:44  Marine  
  52  5:46  Marine  
  54  5:50  Marine  
  54  5:51  SCV x2, Marine  
  54  5:53  Marine  
  59  5:57  Orbital Command  
  59  6:01  Marine  
  59  6:03  Marine  
  61  6:05  SCV x2  
  63  6:11  Refinery  
  63  6:12  Refinery  
  63  6:13  Siege Tank  
  63  6:14  Marine x2  
  63  6:16  Marine  
  69  6:20  Medivac  
  69  6:21  SCV  
  69  6:23  Orbital Command  
  69  6:24  SCV  
  73  6:30  Medivac  
  73  6:32  Marine x4  
  79  6:33  SCV  
  79  6:38  Supply Depot  
  79  6:39  SCV  
  81  6:45  SCV  
  79  6:52  SCV, Barracks  
  79  6:53  Barracks  
  79  6:54  SCV  
  81  6:59  Siege Tank  
  84  7:04  Marine x2, Missile Turret  
  84  7:07  SCV x2  
  85  7:10  SCV  
  85  7:11  Missile Turret  
  85  7:14  Missile Turret  
  86  7:16  Combat Shield  
  86  7:23  SCV  
  86  7:24  SCV x2  
  86  7:26  Armory  
  86  7:28  Marine x4  
  93  7:30  Marine  
  93  7:34  Siege Tank  
  96  7:37  SCV x3  
  96  7:40  Barracks Reactor x2  
  96  7:42  Medivac  
  101  7:54  Barracks x2  
  101  7:55  Barracks, Supply Depot  
  101  7:59  Supply Depot  
  101  8:00  Supply Depot  
  101  8:17  SCV, Marine x4, Siege Tank  
  109  8:21  SCV x2, Terran Infantry Weapons Level 2, Marine, Medivac, Supply Depot  
  109  8:23  Supply Depot  
  109  8:26  Terran Infantry Armor Level 2  
  112  8:33  Marine x4  
  115  8:34  Marine x4  
  115  8:38  Marine  
  115  8:40  Medivac  
  122  8:42  Marine  
  122  8:47  Supply Depot x2  
  123  8:51  Marine x6  
  123  8:52  Marine x2  
  123  8:53  Siege Tank  
  134  9:03  Marine x4  
  134  9:07  Supply Depot x2  
  134  9:08  Marine x2  
  134  9:09  Marine  
  138  9:20  Marine x5  
  138  9:21  Marine x2  
  138  9:22  Medivac x2  
  148  9:26  Widow Mine  
  150  9:36  Command Center  
  139  9:43  Marine x3  
  139  9:44  Marine x2  
  139  9:45  Marine  
  114  9:46  Marine x2  
  114  9:47  Command Center  
  114  9:50  Siege Tank  
  107  9:54  Marine  
  107  9:55  Marine x3, Medivac x2  
  115  10:03  Marine x7  
  115  10:04  Marine  
  123  10:12  Marine x4  
  127  10:21  Marine x2  
  128  10:23  Marine  
  128  10:24  Marine x5  
  133  10:30  Marine x4, Siege Tank  
  133  10:35  Medivac x2  
  144  10:38  Marine  
  144  10:39  Marine  
  144  10:41  Marine  
  144  10:42  Marine x5  
  151  10:48  Marine x4  
  155  10:56  Marine x2  
  156  10:59  Marine x6  
  161  11:06  Marine x4, Medivac x2, Siege Tank  
  172  11:14  Marine x2  
  172  11:17  Marine x6  
  180  11:24  Marine x2  
  168  11:28  Marine x2  
  168  11:32  Marine x2  
  130  11:35  Marine x6  
  126  11:41  Marine  
  110  11:47  Marine  
Tags
 
Add a new tag
Caveats
  • Supply blocks, unpowered buildings, or Contaminate may cause inaccurate times.
  • Supply counts are checked every 10 seconds.